 Dungeon Crawl Stone Soup version 0.27-a0-1555-g0e7b3fb1d2 (webtiles) character file.

Game seed: 9862291403900645021

65 Anon1729 the Bolt Thrower (level 4, -5/34 HPs)
             Began as a Formicid Hunter on July 14, 2021.
             Slain by an iguana (12 damage)
             ... on level 4 of the Dungeon.
             The game lasted 00:02:15 (3084 turns).

Anon1729 the Bolt Thrower (Formicid Hunter)         Turns: 3084, Time: 00:02:15

Health: -5/34      AC:  3    Str: 17    XL:     4   Next: 34%
Magic:  4/4        EV: 12    Int: 11    God:
Gold:   71         SH:  0    Dex: 11    Spells: 3/3 levels left

rFire    . . .     SeeInvis +   a - +1 hand crossbow
rCold    . . .     Faith    .   (no shield)
rNeg     . . .     Spirit   .   c - +0 leather armour
rPois    .         Reflect  .   (helmet unavailable)
rElec    .         Harm     .   (no cloak)
rCorr    +         Rampage  .   (no gloves)
Will     .....                  (no boots)
Stlth    ++........             (no amulet)
HPRegen  0.11/turn              g - ring of resist corrosion
MPRegen  0.09/turn              (no ring)

@: no status effects
A: permanent stasis, dig shafts and tunnels, antennae 3, four strong arms
a: Dig, Shaft Self


You were on level 4 of the Dungeon.
You visited 1 branch of the dungeon, and saw 4 of its levels.

You collected 71 gold pieces.

Inventory:

Hand Weapons
 a - a +1 hand crossbow (weapon)
 b - a +0 short sword
Missiles
 d - 37 bolts (quivered ammo)
Armour
 c - a +0 leather armour (worn)
Jewellery
 g - a ring of resist corrosion (left hand)
Scrolls
 e - 3 scrolls of identify {unknown}
 f - a scroll of immolation {unknown}
 h - a scroll of vulnerability {unknown}
 k - a scroll of magic mapping {unknown}
Potions
 i - a potion of invisibility {unknown}
 j - a potion of berserk rage {unknown}


   Skills:
 + Level 2.9 Fighting
 + Level 4.4 Crossbows
 + Level 2.4 Dodging
 + Level 2.7 Stealth


You had 3 spell levels left.
You didn't know any spells.
Your spell library was empty.

Dungeon Overview and Level Annotations

Branches:
Dungeon (4/15)
 Temple: D:4-7

Altars:
Uskayaw
Vehumet


Innate Abilities, Weirdness & Mutations

You cannot be hasted, slowed, berserked, paralysed or teleported.
You can dig through walls and to a lower floor.
You have a pair of large antennae on your head. (SInv)
Your four strong arms can wield two-handed weapons with a shield.


Message History

You hit the iguana.
The iguana is lightly wounded.
The iguana bites you.
You hit the iguana.
The iguana is moderately wounded.
The iguana barely misses you. The iguana bites you!
You hit the iguana but do no damage.
The iguana is moderately wounded.
The iguana bites you but does no damage.
You hit the iguana.
The iguana is severely wounded.
The iguana closely misses you.
You hit the iguana but do no damage.
The iguana is severely wounded.
The iguana bites you!
* * * LOW HITPOINT WARNING * * *
You are too injured to fight recklessly!
You are too injured to fight recklessly!
You are too injured to fight recklessly!
You are too injured to fight recklessly!
You are too injured to fight recklessly!
You are too injured to fight recklessly!
You are too injured to fight recklessly!
You are too injured to fight recklessly!
You are too injured to fight recklessly!
You are too injured to fight recklessly!
You are too injured to fight recklessly!
You are too injured to fight recklessly!
You are too injured to fight recklessly!
You are too injured to fight recklessly!
a - a +1 hand crossbow (weapon)
Fire: 38 bolts
Press: ? - help, Q - select action, (/) - cycle Shift-Dir - straight line, f - iguana
Aim: an iguana (severely wounded, 68% to hit)
You shoot a bolt. The bolt hits the iguana.
The iguana is severely wounded.
The iguana bites you.
* * * LOW HITPOINT WARNING * * *
The iguana bites you!
You die...

#. ####.
......########..
.......#........
.#.#.....l...#
.....#..@#
.#.#.....#
......#..#
._.#....#
......#..###
.#.#.....#.####
.....#........###
.#.#....#..†....#
.......##..##....


You could see an iguana.

Vanquished Creatures
  2 worms (D:2)
  A dart slug (D:1)
  4 ball pythons (D:1)
  5 bats
  2 endoplasms
  3 giant cockroaches
  5 goblins
  8 hobgoblins
  6 jackals (D:1)
  A quokka (D:2)
  4 frilled lizards (D:2)
  6 kobolds
  4 rats
51 creatures vanquished.

Notes
Turn   | Place    | Note
-------+----------+-------------------------------------------
     0 | D:1      | Anon1729 the Formicid Hunter began the quest for the Orb.
     0 | D:1      | Reached XP level 1. HP: 16/16 MP: 1/1
   186 | D:1      | Reached XP level 2. HP: 20/23 MP: 2/2
   310 | D:1      | Found a faded altar of an unknown god.
   603 | D:1      | You fall into a shaft and drop 1 floor!
   915 | D:2      | Reached XP level 3. HP: 21/28 MP: 3/3
  1217 | D:2      | You fall into a shaft and drop 2 floors!
  2262 | D:1      | Reached XP level 4. HP: 32/34 MP: 4/4
  2994 | D:3      | Found a hide-covered altar of Uskayaw.
  3069 | D:4      | Found a radiant altar of Vehumet.
  3084 | D:4      | Slain by an iguana

Illustrated notes

Levels and vault maps discovered:
D:1:      wheals_arrival_linesprint, layout_basic,
          dreamdust_ecumenical_altar_grove
D:2:      layout_loops_ring, kennysheep_generic_room_9
D:3:      layout_basic, kiku_gazebo_pond_becter,
          nicolae_gozag_cash_rules_everything_around_me,
          nicolae_uskayaw_suspiria, minmay_fractal_squares_diagonal_5
D:4:      layout_cave_pods, nicolae_vehumet_radiance,
          minmay_temple_entry_crystal_x, gammafunk_ghost_cemetery, serial_shops,
          nicolae_lakefront_shop, shop, uniq_duvessa

Skill      XL: |  1  2 |
---------------+-------+-----
Dodging        | 2 |  2.4
Stealth        | 2 |  2.7
Fighting       | |  2.9
Crossbows      | |  4.4

Action                   |  1- 3 |  4- 6 || total
-------------------------+-------+-------++-------
Melee: Short sword       |   170 |    41 ||   211
 Fire: Hand crossbow     |     1 |     1 ||     2
 Stab: Sleeping          |     4 |       ||     4
       Distracted        |     1 |       ||     1
Armor: Leather armour    |    55 |     7 ||    62
Dodge: Dodged            |   121 |    23 ||   144

Table legend: (Time is in decaauts)
 A = Elapsed time spent in this place.
 B = Non-inter-level travel time spent in this place.
 C = Inter-level travel time spent in this place.
 D = Time resting spent in this place.
 E = Time spent auto-exploring this place.
 F = Levels seen in this place.
 G = Mean time per level.
                   A        B        C        D        E       F      G
               +--------+--------+--------+--------+--------+-----+--------+
         Total |   3104 |   2927 |    177 |    142 |   2361 |   4 |  776.0 |
       Dungeon |   3104 |   2927 |    177 |    142 |   2361 |   4 |  776.0 |
               +--------+--------+--------+--------+--------+-----+--------+

Top non-repeatable levels by time:
     D:2: 1464 daAuts
     D:1: 1432 daAuts
     D:3: 160 daAuts
     D:4: 47 daAuts
